Map: Inside and Out

Players

PappiJoe

  • Race: Protoss Protoss
  • Spawn Location: 1:00

Solar - Winner!

  • Race: Zerg Zerg
  • League: Master
  • Spawn Location: 7:00

Event: HomeStory Cup XXII

VOD

Have the link to the VOD?

Description

Time

  • Played on: Dec. 15, 2022, 11:20 a.m.
  • Length: 6:09

All games in this series

Show
View Real Time Build Order
Export as new Build Order

PappiJoe Protoss 

Build Orders: 1 Gate Expand 

Get SALT Encoding   

  12  0:00  Probe  
  13  0:11  Assimilator  
  13  0:17  Probe  
  14  0:28  Pylon  
  14  0:29  Probe  
  15  0:46  Probe (Chrono Boost)  
  15  0:47  Gateway  
  17  0:57  Probe (Chrono Boost)  
  17  1:02  Probe (Chrono Boost)  
  18  1:16  Probe  
  19  1:29  Nexus  
  19  1:36  Probe  
  20  1:42  Cybernetics Core  
  20  1:48  Probe  
  20  1:49  Assimilator  
  21  2:00  Probe  
  22  2:09  Pylon  
  22  2:12  Probe  
  22  2:24  Adept (Chrono Boost), Probe  
  22  2:27  Warp Gate  
  25  2:32  Gateway  
  25  2:35  Shield Battery  
  25  2:36  Probe  
  26  2:42  Probe  
  27  2:48  Probe  
  27  2:49  Shield Battery  
  28  2:54  Probe  
  29  3:00  Probe  
  29  3:01  Stalker  
  32  3:06  Probe  
  33  3:13  Probe  
  33  3:14  Gateway  
  33  3:18  Probe (Chrono Boost)  
  35  3:20  Twilight Council  
  35  3:25  Probe (Chrono Boost)  
  36  3:30  Probe (Chrono Boost)  
  38  3:34  Robotics Facility, Probe (Chrono Boost)  
  38  3:36  Probe (Chrono Boost)  
  38  3:39  Probe (Chrono Boost)  
  39  3:42  Adept  
  39  3:44  Probe  
  39  3:48  Resonating Glaives  
  43  3:51  Probe  
  44  3:56  Probe  
  44  3:57  Pylon  
  44  4:00  Pylon  
  45  4:03  Probe  
  45  4:08  Assimilator  
  46  4:15  Probe  
  47  4:18  Adept x2  
  47  4:19  Warp Prism (Chrono Boost)  
  47  4:20  Adept  
  55  4:25  Probe  
  55  4:29  Pylon  
  55  4:31  Probe  
  57  4:37  Probe  
  58  4:43  Probe  
  59  4:49  Probe  
  59  4:51  Adept x3  
  67  4:53  Observer  
  67  4:55  Probe  
  67  4:59  Nexus  
  68  5:03  Probe  
  68  5:04  Assimilator  
  69  5:09  Pylon  
  69  5:12  Probe, Pylon  
  70  5:23  Probe  
  70  5:28  Probe  
  68  5:30  Forge  
  68  5:34  Robotics Bay  
  64  5:37  Shield Battery x2, Adept  
  64  5:40  Shield Battery  
  70  5:50  Adept  
Show
View Real Time Build Order
Export as new Build Order

Solar Zerg - Winner!

Build Orders: Hatch First 

Get SALT Encoding   

  12  0:00  Drone  
  13  0:12  Overlord  
  13  0:16  Drone  
  14  0:31  Drone x2  
  16  0:47  Hatchery  
  15  0:51  Drone  
  15  0:54  Drone  
  17  1:09  Spawning Pool  
  16  1:13  Drone  
  16  1:18  Drone  
  18  1:24  Drone  
  19  1:27  Extractor  
  18  1:34  Drone  
  19  1:56  Zergling x4  
  19  1:58  Queen  
  19  1:59  Spine Crawler  
  22  2:01  Queen  
  22  2:04  Overlord  
  22  2:07  Drone  
  26  2:11  Drone  
  26  2:13  Drone  
  28  2:23  Drone x2  
  28  2:28  Metabolic Boost  
  30  2:43  Hatchery  
  29  2:44  Drone  
  30  2:52  Queen  
  30  2:55  Overlord  
  31  2:58  Drone  
  31  3:00  Drone  
  31  3:05  Drone x2  
  35  3:14  Drone x5  
  35  3:17  Drone  
  41  3:24  Overlord  
  41  3:29  Drone  
  42  3:35  Overlord  
  42  3:43  Queen  
  42  3:44  Drone  
  42  3:45  Drone x6  
  51  3:51  Roach Warren  
  51  3:53  Drone  
  51  3:54  Drone, Extractor  
  51  3:56  Zergling x2  
  51  3:59  Overlord  
  51  4:01  Overlord  
  52  4:08  Zergling x2  
  53  4:10  Overlord  
  53  4:11  Zergling x2  
  53  4:14  Zergling x2, Drone x2  
  53  4:15  Zergling x2  
  58  4:17  Overlord  
  58  4:32  Roach x5  
  58  4:36  Roach x2  
  58  4:38  Roach  
  74  4:43  Roach  
  74  4:44  Zergling x8  
  79  4:48  Zergling x6  
  79  4:50  Overlord  
  82  4:59  Roach x2  
  86  5:00  Overlord  
  86  5:06  Zergling x4  
  88  5:10  Zergling x2  
  89  5:14  Spore Crawler  
  89  5:15  Roach  
  89  5:17  Spore Crawler, Drone x3  
  89  5:18  Drone x3  
  95  5:25  Zergling x6  
  96  5:29  Drone  
  96  5:30  Drone x2  
  96  5:31  Drone  
  100  5:39  Drone, Extractor  
  100  5:41  Drone  
  100  5:42  Drone, Evolution Chamber  
  101  5:46  Overlord  
  101  5:48  Zergling x4  
  101  5:49  Zergling x8  
  105  5:52  Drone  
  105  5:56  Drone  
  104  6:04  Baneling Nest  
  104  6:06  Extractor  
Tags
 
Add a new tag
Caveats
  • Supply blocks, unpowered buildings, or Contaminate may cause inaccurate times.
  • Supply counts are checked every 10 seconds.